 Dungeon Crawl Stone Soup version 0.30-a0-996-ga6910c8ee8 (webtiles) character file.

Game seed: 7329535597594415538

4077 jimonade the Missionary (level 10, -14/88 HPs)
             Began as a Hill Orc Monk on Apr 4, 2023.
             Was a Priest of Beogh.
             Killed from afar by an efreet (15 damage)
             ... with a bolt of fire
             ... on level 8 of the Dungeon.
             The game lasted 00:24:01 (9911 turns).

jimonade the Missionary (Hill Orc Monk)             Turns: 9911, Time: 00:24:01

Health: -14/88     AC: 16    Str: 19    XL:     10   Next: 25%
Magic:  16/16      EV:  9    Int: 16    God:    Beogh [***...]
Gold:   549        SH:  0    Dex: 13    Spells: 9/9 levels left

rFire   . . .      SeeInvis .    b - +2 hand axe (elec)
rCold   . . .      Faith    .    (no shield)
rNeg    . . .      Spirit   .    s - +0 chain mail
rPois   .          Reflect  .    (no helmet)
rElec   .          Rampage  .    w - +2 cloak
rCorr   .                        n - +1 pair of gloves
Will    .....                    (no boots) Stlth
                                 (no amulet)
HPRegen 0.34/turn                D - +6 ring of intelligence
MPRegen 0.15/turn                (no ring)

@: lethally poisoned (-14 -> -32), hasted and slowed
A: no striking features
a: Renounce Religion, Smiting


You were on level 8 of the Dungeon.
You worshipped Beogh.
Beogh was most pleased with you.
You visited 1 branch of the dungeon, and saw 9 of its levels.
You also visited: Ossuary.

You collected 549 gold pieces.

Inventory:

Hand Weapons
 a - a +4 heavy spear
 b - a +2 hand axe of electrocution (weapon)
 c - a +0 shortbow
 i - a +0 mace
 j - a +2 heavy mace
 m - a +0 flail
 o - a +2 whip of flaming
 p - a +0 flail
 q - a +1 hammer of draining
 v - a +0 quarterstaff of draining
 B - a +0 trident
 H - a +0 halberd
 R - a +1 whip of electrocution
Missiles
 g - 66 stones
 y - 2 boomerangs
 Q - a throwing net (quivered)
Armour
 n - a +1 pair of gloves (worn)
 s - a +0 chain mail (worn)
 w - a +2 cloak (worn)
 N - a +0 plate armour
Magical Staves
 F - a staff of earth
Jewellery
 D - a +6 ring of intelligence (left hand)
Wands
 J - a wand of polymorph (11)
 S - a wand of paralysis (7)
 T - a wand of digging (7)
Scrolls
 h - 3 scrolls of poison
 k - 2 scrolls of fog
 l - 2 scrolls of summoning
 z - 3 scrolls of blinking
 A - 2 scrolls of teleportation
 K - 2 scrolls of fear
 P - a scroll of vulnerability
Potions
 d - 2 potions of attraction
 e - 4 potions of curing
 f - 2 potions of brilliance
 r - a potion of cancellation
 t - 2 potions of invisibility
 u - a potion of haste
 x - 2 potions of degeneration {unknown}
 C - 2 potions of berserk rage {unknown}
 E - 2 potions of magic {unknown}
 G - a potion of flight {unknown}
 I - 2 potions of heal wounds {unknown}
 L - 2 potions of mutation {unknown}
 M - a potion of lignification {unknown}
 O - a potion of resistance {unknown}


   Skills:
 + Level 7.8 Fighting
 + Level 7.4(9.6) Axes
 - Level 1.7(4.2) Maces & Flails
 + Level 7.7(8.7) Polearms
 + Level 7.6 Armour
 + Level 3.5 Dodging
 - Level 1.5 Stealth
 * Level 8.2 Invocations


You had 9 spell levels left.
You didn't know any spells.
Your spell library contained the following spells:

 Spells                   Type           Power      Damage    Failure   Level
 Sublimation of Blood     Necr           0%         N/A       98%         2
 Petrify                  Tmut/Erth      0%         N/A       100%        4
 Summon Lightning Spire   Summ/Air       0%         N/A       100%        4
 Irradiate                Conj/Tmut      0%         3d11      100%        5
 Storm Form               Tmut/Air       0%         N/A       100%        7
 Maxwell's Capacitive Co  Air            0%         ∞         100%        8


Dungeon Overview and Level Annotations

Branches:
Dungeon (9/15)             Temple (0/1) D:6            Lair (0/5) D:8
Ossuary (visited)
    Orc: D:9-12

Altars:
Ashenzari
Cheibriados
Dithmenos
Hepliaklqana
Kikubaaqudgha
Makhleb
Okawaru
Sif Muna
Trog
Vehumet

Shops:
D:2 (   D:4 *

Annotations:
D:2 1 runed translucent door, Crazy Yiuf


Message History

The wyvern barely misses you. The hornet stings you!
* * * LOW HITPOINT WARNING * * *
You feel yourself slow down. The wyvern bites you!
* * * LOW HITPOINT WARNING * * *
You climb upwards.
You feel yourself speed up.
The killer bee stings you but does no damage. x2
The killer bee stings you.
* * * LOW HITPOINT WARNING * * *
You are poisoned.
The killer bee poisons you!
The killer bee stings you but does no damage.
There is a stone staircase leading down here.
You feel better. The killer bee misses you.
The wyvern bites you but does no damage.
The hornet stings you.
* * * LOW HITPOINT WARNING * * *
You are poisoned.
You feel yourself slow down. The wyvern bites you.
* * * LOW HITPOINT WARNING * * *
The killer bee stings you but does no damage.
The wyvern bites you but does no damage.
The hornet barely misses you.
You feel yourself speed up.
You feel yourself speed up.
* * * LOW HITPOINT WARNING * * *
You feel very sick.
The killer bee stings you but does no damage.
The wyvern bites you.
* * * LOW HITPOINT WARNING * * *
The killer bee stings you but does no damage.
The wyvern barely misses you. The hornet stings you.
* * * LOW HITPOINT WARNING * * *
You are more poisoned.
You feel yourself slow down.
The wyvern bites you but does no damage.
The killer bee stings you but does no damage.
The efreet gestures at you.
The bolt of fire hits the wyvern!!
The bolt of fire hits you!
You die...

$..## #.)...# .....###.....#
.....$ .....# ......##....#
..☼≈○..#....# .○h○:.°#....##
☼○≈≈≈≈.○)...y# .$y≈y..#☼R.yl#
...≈y?.#..Yl@#
....y.##...y######## ......
#'######....####### .....#
#.................# ##
)..#####.................#
.#######...#.................#
...........#.................#
..........##...##########.####
.......[..#########..####.#


You could see an efreet, a hornet, 2 wyverns, a sky beast and 2 killer bees.

Vanquished Creatures
  Pikel (D:3)
  A komodo dragon (D:8)
  A hornet (D:8)
  A wraith (D:8)
  A steam dragon (D:7)
  3 sky beasts (D:7)
  2 ogres (D:6)
  A centaur (D:8)
  3 phantoms
  3 lemures (D:3)
  A bullfrog (D:7)
  4 wights (D:8)
  15 killer bees
  A howler monkey (D:7)
  2 centaur zombies (Ossuary)
  4 jellies
  4 hounds
  3 orc priests
  A gnoll bouda (D:4)
  3 iguanas
  Jessica (D:2)
  Natasha (thrice) (D:2)
  6 orc wizards
  5 mummies (Ossuary)
  19 gnolls
  8 adders
  A white imp (D:5)
  An ufetubus (D:5)
  A worm (D:2)
  A dart slug (D:1)
  13 orcs
  6 endoplasms
  4 giant cockroaches
  8 goblins
  4 hobgoblins
  4 jackals (D:1)
  9 kobolds
  5 quokkas
  3 ball pythons
  7 bats
  3 frilled lizards (D:1)
  4 hobgoblin zombies (Ossuary)
  8 rats
179 creatures vanquished.

Vanquished Creatures (others)
  A water moccasin (D:8)
  A killer bee (D:8)
  A howler monkey (D:8)
  An orc (D:8)
  4 plants (D:8)
8 creatures vanquished.

Grand Total: 187 creatures vanquished

Notes
Turn   | Place    | Note
-------+----------+-------------------------------------------
     0 | D:1      | jimonade the Hill Orc Monk began the quest for the Orb.
     0 | D:1      | Reached XP level 1. HP: 19/19 MP: 1/1
   136 | D:1      | Reached XP level 2. HP: 22/27 MP: 2/2
   247 | D:1      | Reached skill level 1 in Invocations
   422 | D:1      | Found a faded altar of an unknown god.
   534 | D:1      | Reached XP level 3. HP: 24/33 MP: 3/3
  1216 | D:2      | Found Wirch's Antique Weapon Boutique.
  1421 | D:2      | Reached XP level 4. HP: 33/40 MP: 5/5
  1468 | D:2      | Found a runed translucent door.
  1470 | D:2      | Noticed Crazy Yiuf
  1564 | D:2      | Reached skill level 2 in Invocations
  1973 | D:2      | Noticed Natasha
  1981 | D:2      | Killed Natasha
  1982 | D:2      | Reached XP level 5. HP: 35/47 MP: 6/6
  2037 | D:2      | Noticed Jessica
  2051 | D:2      | Killed Jessica
  2237 | D:2      | Noticed Natasha
  2255 | D:2      | Killed Natasha
  2392 | D:2      | Noticed Natasha
  2412 | D:2      | Killed Natasha
  2413 | D:2      | Reached skill level 5 in Polearms
  2413 | D:2      | Reached skill level 3 in Invocations
  2722 | D:2      | Reached XP level 6. HP: 42/53 MP: 8/8
  2917 | D:2      | Reached skill level 1 in Armour
  3155 | D:3      | Found a hazy altar of Hepliaklqana.
  3286 | D:3      | Found a broken altar of Ashenzari.
  4264 | D:4      | Noticed Pikel
  4303 | D:3      | Reached skill level 4 in Invocations
  4303 | D:3      | Reached XP level 7. HP: 55/60 MP: 8/10
  4312 | D:3      | Killed Pikel
  4313 | D:3      | Reached skill level 5 in Fighting
  4313 | D:3      | Reached skill level 1 in Maces & Flails
  4313 | D:3      | Reached skill level 5 in Invocations
  4313 | D:3      | Reached XP level 8. HP: 40/69 MP: 9/11
  4941 | D:4      | Found Xyol's Elemental Accessories.
  5245 | D:5      | Entered Level 5 of the Dungeon
  5741 | D:5      | Found a radiant altar of Vehumet.
  6237 | D:6      | Reached skill level 6 in Invocations
  6323 | D:6      | Found a staircase to the Ecumenical Temple.
  6371 | D:6      | Became a worshipper of Beogh the Brigand
  6371 | D:6      | Reached * piety under Beogh
  6371 | D:6      | Reached ** piety under Beogh
  6557 | D:6      | Reached skill level 5 in Armour
  6798 | D:6      | Reached XP level 9. HP: 75/78 MP: 13/13
  6969 | D:6      | Found an ancient bone altar of Kikubaaqudgha.
  6979 | D:6      | Found a bloodstained altar of Trog.
  6979 | D:6      | Found a burning altar of Makhleb.
  6979 | D:6      | Found a shimmering blue altar of Sif Muna.
  6983 | D:6      | Found a shadowy altar of Dithmenos.
  6984 | D:6      | Found an iron altar of Okawaru.
  7302 | D:7      | Reached skill level 1 in Axes
  7387 | D:7      | Found a sand-covered staircase.
  7391 | Ossuary  | Entered an ossuary
  7989 | D:7      | Reached skill level 7 in Invocations
  8287 | D:7      | Reached skill level 5 in Axes
  8610 | D:7      | Found a snail-covered altar of Cheibriados.
  9285 | D:8      | Reached XP level 10. HP: 70/83 MP: 15/15
  9292 | D:8      | Reached *** piety under Beogh
  9584 | D:8      | Paralysed by a hornet for 3 turns
  9589 | D:8      | Reached skill level 8 in Invocations
  9724 | D:8      | Found a staircase to the Lair.
  9911 | D:8      | HP: 3/88 [wyvern (4)]
  9911 | D:8      | HP: 1/88 [hornet (2)]
  9911 | D:8      | Killed from afar by an efreet

Illustrated notes

Levels and vault maps discovered:
D:1:      minmay_arrival_checkered_box, layout_loops_ring,
          dreamdust_ecumenical_altar_hidden_monk_grotto,
          hangedman_abyss_or_decor_stabs, minivault_14
D:2:      layout_basic, serial_shops, nicolae_square_shop,
          grunt_decor_resistance, kennysheep_donut, uniq_natasha,
          uniq_crazy_yiuf_cottage, uniq_jessica
D:3:      layout_basic, nicolae_ashenzari_skybound, mainiacjoe_overflow_alcove_2
D:4:      layout_cave_pools, serial_co_window_serial, co_window_cross_1,
          co_window_corner_a, co_window_paths_b, co_window_cross_1,
          co_window_of_opportunity_a, co_window_paths_b,
          co_window_of_opportunity_a, co_window_2corner, co_window_broadway_a,
          co_window_corner_b, co_window_paths_c, co_window_corner_b,
          glass_columns_b, glass_columns_a, glass_columns_a, glass_columns_a,
          nicolae_elemental_shop, minmay_misc_feat_chi, uniq_pikel
D:5:      layout_loops_cross, mainiacjoe_overflow_paths
D:6:      layout_cave_pools, minitemple, lemuel_temple_firewalk_b
D:7:      layout_basic, cheibriados_altar_1,
          lightli_ossuary_entry_decrepit_ruins
D:8:      layout_gridville, david_lair_shrubbed, grunt_potential
D:9:      layout_cave_pools, mainiacjoe_overflow_alcove_4,
          minmay_fractal_squares_diagonal_5

Skill      XL: |  1  2  3  4  5  6  7  8  9 10 |
---------------+-------------------------------+-----
Invocations    | 1 2 3 4 5 6 7 8 |  8.2
Fighting       | 4 5 6 7 |  7.8
Polearms       | 4 5 6 7 |  7.7
Dodging        | 3 |  3.5
Armour         | 2 3 5 7 |  7.6
Maces & Flails | 1 |  1.7
Axes           | 6 7 |  7.4
Stealth        | |  1.5

Action                     |  1- 3 |  4- 6 |  7- 9 | 10-12 || total
---------------------------+-------+-------+-------+-------++-------
  Melee: Spear             |   172 |   388 |   207 |       ||   767
         Punch             |       |     5 |     5 |       ||    10
         Whip              |       |    32 |    21 |       ||    53
         Hand axe          |       |       |   158 |    41 ||   199
  Throw: Throwing net      |       |       |     1 |       ||     1
 Invoke: Convert to Beogh  |       |       |     1 |       ||     1
    Use: Scroll            |       |     7 |    12 |       ||    19
         Potion            |       |     1 |       |     2 ||     3
   Stab: Sleeping          |     5 |       |       |       ||     5
         Held in net/web   |       |       |     1 |       ||     1
 Armour: Robe              |    27 |    11 |       |       ||    38
         Chain mail        |       |   187 |    69 |    39 ||   295
         Plate armour      |       |       |   217 |       ||   217
  Dodge: Dodged            |    74 |   133 |   123 |    36 ||   366

Table legend: (Time is in decaauts)
 A = Elapsed time spent in this place.
 B = Non-inter-level travel time spent in this place.
 C = Inter-level travel time spent in this place.
 D = Time resting spent in this place.
 E = Time spent auto-exploring this place.
 F = Levels seen in this place.
 G = Mean time per level.
                   A        B        C        D        E       F      G
               +--------+--------+--------+--------+--------+-----+--------+
         Total |   9801 |   9378 |    423 |   2378 |   3839 |  10 |  980.1 |
       Dungeon |   9423 |   9000 |    423 |   2131 |   3837 |   9 | 1047.0 |
       Ossuary |    377 |    377 |      0 |    247 |      2 |   1 |  377.0 |
               +--------+--------+--------+--------+--------+-----+--------+

Top non-repeatable levels by time:
     D:2: 1470 daAuts
     D:3: 1336 daAuts
     D:7: 1330 daAuts
     D:1: 1256 daAuts
     D:4: 1231 daAuts
     D:6: 1026 daAuts
     D:5: 929 daAuts
     D:8: 840 daAuts
 Ossuary: 377 daAuts
     D:9: 1 daAuts
